 Dungeon Crawl Stone Soup version 0.27.1 (webtiles) character file.

Game seed: 12668946867736547519

26091 Malachi the Covert (level 12, -6/80 HPs)
             Began as a Vampire Berserker on Aug 24, 2021.
             Was a High Priest of Trog.
             Killed by divine providence
             ... invoked by a meliai
              (17 damage)
             ... on level 14 of the Dungeon.
             The game lasted 00:24:20 (13160 turns).

Malachi the Covert (Vampire Berserker)             Turns: 13160, Time: 00:24:20

Health: -6/80      AC: 13    Str: 18    XL:     12   Next: 95%
Magic:  4/4        EV: 24    Int:  9    God:    Trog [*****.]
Gold:   326        SH:  0    Dex: 19    Spells: 11/11 levels left

rFire    . . .     SeeInvis +   E - +9 rapier of the Sun {antimagic, rElec Str+2}
rCold    . . .     Faith    .   (no shield)
rNeg     . . .     Spirit   .   z - +0 troll leather armour
rPois    .         Reflect  .   a - +1 helmet
rElec    +         Harm     .   p - +0 cloak
rCorr    .         Rampage  .   j - +3 pair of gauntlets of War {Slay+5}
Will     ++...                  (no boots)
Stlth    ++++++....             t - amulet of regeneration
HPRegen  2.43/turn              q - ring "Lihiagh" {rElec EV+4}
MPRegen  0.09/turn              w - ring of willpower

@: lethally poisoned (-6 -> -6), healing quickly
A: alive, fangs 3, see invisible, vampiric 2
a: Exsanguinate, Renounce Religion, Berserk, Trog's Hand, Brothers in Arms


You were on level 14 of the Dungeon.
You worshipped Trog.
Trog was extremely pleased with you.
You visited 1 branch of the dungeon, and saw 14 of its levels.

You collected 1683 gold pieces.
You spent 1357 gold pieces at shops.

Inventory:

Hand Weapons
 h - a +5 short sword of freezing
 u - a +0 dagger of venom
 B - a +0 dagger of flaming
 E - the +9 rapier of the Sun (weapon) {antimagic, rElec Str+2}
   (Trog gifted it to you on level 11 of the Dungeon)

   It reduces the magical energy of the wielder, and disrupts the spells and
   magical abilities of those it strikes.
   Natural abilities and divine invocations are not affected.
   Str:       It affects your strength (+2).
   rElec:     It insulates you from electricity.
Missiles
 o - 6 datura-tipped darts (quivered)
Armour
 a - a +1 helmet (worn)
 j - the +3 pair of gauntlets of War (worn) {Slay+5}
   (You bought it in a shop on level 2 of the Dungeon)

   Slay:      It affects your accuracy & damage with ranged weapons and melee
   (+5).
 p - a +0 cloak (worn)
 x - +0 acid dragon scales
 z - a +0 troll leather armour (worn)
 I - a +0 pair of boots
Jewellery
 f - a +6 ring of intelligence
 k - a ring of ice
 q - the ring "Lihiagh" (left hand) {rElec EV+4}
   (You acquired it on level 7 of the Dungeon)

   [ring of evasion]

   EV:        It affects your evasion (+4).
   rElec:     It insulates you from electricity.
 r - the amulet of the Air {Inacc Air Fly rElec RMsl}
   (You found it on level 7 of the Dungeon)

   [amulet of nothing]

   It reduces the accuracy of all your attacks.
   It enhances your air magic.
   rElec:     It insulates you from electricity.
   Fly:       It grants you flight.
   RMsl:      It protects you from missiles.
 t - an amulet of regeneration (around neck)
 w - a ring of willpower (right hand)
 A - an amulet of reflection
 G - a ring of flight
Wands
 s - a wand of acid (9)
 y - a wand of polymorph (11)
 D - a wand of iceblast (8)
 L - a wand of digging (6)
Scrolls
 b - 9 scrolls of identify
 m - 6 scrolls of teleportation
 v - 3 scrolls of blinking
 C - 3 scrolls of fog
 F - a scroll of fear
 J - a scroll of silence
Potions
 c - 3 potions of haste
 d - a potion of might
 e - 11 potions of heal wounds
 g - 3 potions of resistance
 i - 6 potions of curing
 l - 5 potions of attraction
 n - a potion of cancellation
 H - a potion of degeneration {unknown}
 K - a potion of ambrosia {unknown}


   Skills:
 - Level 2.6 Fighting
 + Level 14.9 Short Blades
 + Level 7.1 Armour
 * Level 12.2 Dodging
 + Level 14.9 Stealth


You had 11 spell levels left.
You didn't know any spells.
Your spell library contained the following spells:

 Spells                   Type           Power      Damage    Failure   Level
 Portal Projectile        Hex/Tloc       0%         N/A       80%         3
 Blade Hands              Tmut           0%         N/A       100%        5
 Excruciating Wounds      Necr           0%         N/A       100%        5
 Summon Forest            Summ/Tloc      0%         N/A       100%        5
 Summon Mana Viper        Hex/Summ       0%         N/A       100%        5
 Shadow Creatures         Summ           N/A        N/A       100%        6


Dungeon Overview and Level Annotations

Branches:
Dungeon (14/15)            Temple (0/1) D:4            Lair (0/6) D:9
    Orc: D:9-12      Vaults: D:13-14

Altars:
Yredelemnul

Shops:
D:2 **[=   D:7 =   D:9 ?=


Innate Abilities, Weirdness & Mutations

Your natural rate of healing is accelerated.
You have razor-sharp teeth.
You have supernaturally acute eyesight. (SInv)
You are afflicted with vampirism and can become a bat while bloodless.


Message History

The meliai stings you but does no damage.
The tengu conjurer completely misses you.
The tengu conjurer pecks you but does no damage.
The tengu conjurer completely misses you.
You puncture the tengu conjurer!
You kill the tengu conjurer!
Trog accepts your kill.
Trog appreciates your killing of a magic user.
The battlesphere dissipates.
The meliai mumbles some strange prayers to its god against you.
Something smites you!
A human comes into view.
You are too injured to fight recklessly!
Unknown command.
You are too injured to fight recklessly!
Unknown command.
The meliai barely misses you. The meliai completely misses you.
The meliai invokes the aid of its god against you.
Something smites you!
The meliai calls down the wrath of its god upon you.
Something smites you!
* * * LOW HITPOINT WARNING * * *
The meliai hits you with a +0 hand axe.
* * * LOW HITPOINT WARNING * * *
The meliai completely misses you. The meliai misses you.
The meliai completely misses you. The meliai hits you with a +0 hand axe.
* * * LOW HITPOINT WARNING * * *
The meliai stings you.
* * * LOW HITPOINT WARNING * * *
You are poisoned.
The meliai poisons you!
Blink to where?
Press: ? - help, Dir - move target
As you read the scroll of blinking, it crumbles to dust.
You feel very sick.
You feel very sick.
You feel sick.
The meliai invokes the aid of its god against you.
Something smites you!
You die...

#.##...........#......
#.#...............†}..
#.........).....y.....
#.........yy.§.......
#..........).........
#.........y........>.
#...............#####
#..............##
#..<@.........##
#......########
#......# ########


You could see 3 meliai.

Vanquished Creatures
  Kirke (D:13)
  Erolcha (D:11)
  3 boulder beetles
  A hydra (D:11)
  2 two-headed ogres
  4 skeletal warriors (D:13)
  Pikel (D:7)
  3 cyclopes
  3 manticores
  A centaur zombie (D:11)
  2 unseen horrors
  A kobold demonologist (D:12)
  2 tengu conjurers
  A komodo dragon (D:9)
  2 hornets
  6 trolls
  Sigmund (D:5)
  10 slime creatures
  2 wyverns
  A wraith (D:9)
  18 yaks
  A steam dragon (D:7)
  7 vampire mosquitoes
  Edmund (D:5)
  4 acid dragons
  A water moccasin (D:6)
  A hornet zombie (D:7)
  6 orc warriors
  2 ice beasts
  3 black bears (D:6)
  4 ogres
  6 centaurs
  A phantom (D:10)
  3 kobold brigands
  4 bullfrogs
  A gnoll sergeant (D:10)
  4 scorpions
  A water moccasin zombie (D:7)
  A wyvern skeleton (D:7)
  A water moccasin skeleton (D:4)
  12 howler monkeys
  10 wights
  2 electric eels (D:7)
  2 hounds
  5 jellies
  4 gnoll shamans
  Crazy Yiuf (D:4)
  An orc priest (D:11)
  2 bullfrog skeletons (D:6)
  2 centaur skeletons
  2 iguanas
  9 orc wizards
  A killer bee zombie (D:7)
  2 howler monkey zombies
  9 gnolls
  3 adders
  A white imp (D:6)
  2 ufetubi
  An adder zombie (D:5)
  4 dart slugs
  39 orcs
  3 endoplasms
  A giant cockroach (D:4)
  9 goblins
  9 hobgoblins
  8 jackals
  2 quokkas (D:2)
  5 ball pythons
  6 bats
  6 frilled lizards
  A goblin zombie (D:10)
  6 kobolds
  An orc skeleton (D:10)
  2 rats
  A spectral orc (D:6)
292 creatures vanquished.

Vanquished Creatures (others)
  A human (D:13)
  An orc (D:7)
  2 fungi (D:4)
  5 plants (D:9)
9 creatures vanquished.

Grand Total: 301 creatures vanquished

Notes
Turn   | Place    | Note
-------+----------+-------------------------------------------
     0 | D:1      | Malachi the Vampire Berserker began the quest for the Orb.
     0 | D:1      | Reached XP level 1. HP: 17/17 MP: 1/1
   133 | D:1      | Reached skill level 1 in Stealth
   199 | D:1      | Reached XP level 2. HP: 23/23 MP: 2/2
   882 | D:2      | Gained mutation: You are afflicted with vampirism and can
                  | become a bat while bloodless. [Vampire growth]
   882 | D:2      | Reached XP level 3. HP: 28/28 MP: 3/3
   882 | D:2      | Found Lumuept's Jewellery Shoppe.
   911 | D:2      | Found Uzxann's Antique Armour Shoppe.
   995 | D:2      | Found Vown's General Store.
  1024 | D:2      | Reached ** piety under Trog
  1042 | D:2      | Found Ixizupy's Assorted Antiques.
  1123 | D:2      | Found a faded altar of an unknown god.
  1999 | D:3      | Identified a scroll of acquirement
  1999 | D:3      | Acquired 1011 gold pieces
  2083 | D:2      | Bought the +3 pair of gauntlets of War {Slay+5} for 997
                  | gold pieces
  2083 | D:2      | Found the +3 pair of gauntlets of War {Slay+5}
  2152 | D:4      | Reached skill level 5 in Short Blades
  2152 | D:4      | Reached XP level 4. HP: 34/34 MP: 4/4
  2203 | D:4      | Noticed an ogre
  2231 | D:4      | Reached XP level 5. HP: 35/39 MP: 5/5
  2708 | D:4      | Found a staircase to the Ecumenical Temple.
  2732 | D:4      | Killed an ogre
  2733 | D:4      | Reached XP level 6. HP: 36/46 MP: 6/6
  2898 | D:4      | Found a runed translucent door.
  2899 | D:4      | Noticed Crazy Yiuf
  3081 | D:4      | Killed Crazy Yiuf
  3121 | D:5      | Entered Level 5 of the Dungeon
  3144 | D:5      | Noticed an ice beast
  3152 | D:5      | Killed an ice beast
  3153 | D:5      | Reached skill level 5 in Stealth
  3477 | D:5      | Reached *** piety under Trog
  3478 | D:5      | Reached XP level 7. HP: 29/51 MP: 7/7
  3992 | D:5      | Noticed Edmund
  4011 | D:5      | Killed Edmund
  4777 | D:6      | Reached XP level 8. HP: 57/57 MP: 8/8
  4920 | D:6      | Noticed an eight-headed hydra
  5191 | D:6      | Reached skill level 10 in Short Blades
  5262 | D:6      | Reached XP level 9. HP: 39/62 MP: 9/9
  5277 | D:5      | Noticed Sigmund
  5278 | D:5      | Reached **** piety under Trog
  5279 | D:5      | Reached skill level 5 in Dodging
  5909 | D:5      | Killed Sigmund
  6345 | D:6      | Found a basalt altar of Yredelemnul.
  6460 | D:7      | Acquired the ring "Lihiagh" {rElec EV+4}
  6565 | D:7      | Noticed Pikel
  6583 | D:7      | Killed Pikel
  6584 | D:7      | Reached skill level 10 in Stealth
  6782 | D:7      | Found Waskequk's Jewellery Shop.
  6886 | D:7      | Found the amulet of the Air {Inacc Air Fly rElec RMsl}
  6973 | D:7      | Reached XP level 10. HP: 68/68 MP: 10/10
  8260 | D:8      | Paralysed by a hornet for 3 turns
  8392 | D:9      | Noticed a two-headed ogre
  8408 | D:9      | Killed a two-headed ogre
  8732 | D:9      | Found Wadurgh's Magic Scroll Boutique.
  8921 | D:9      | Found a staircase to the Lair.
  8923 | D:9      | Noticed a cyclops
  8938 | D:9      | Killed a cyclops
  9338 | D:2      | Bought an amulet of regeneration for 360 gold pieces
  9424 | D:6      | Reached XP level 11. HP: 74/74 MP: 11/11
  9543 | D:10     | Entered Level 10 of the Dungeon
  9639 | D:9      | Found Veg Osis's Jewellery Shoppe.
  9668 | D:9      | Reached ***** piety under Trog
 10050 | D:10     | Noticed a boulder beetle
 10167 | D:10     | Killed a boulder beetle
 10414 | D:10     | Noticed a skeletal warrior
 10419 | D:10     | Noticed a skeletal warrior
 10421 | D:10     | Noticed a skeletal warrior
 10503 | D:11     | Noticed a boulder beetle
 10508 | D:11     | Killed a boulder beetle
 10509 | D:11     | Reached skill level 5 in Armour
 10509 | D:11     | Reached skill level 10 in Dodging
 10545 | D:11     | Noticed Erolcha
 10550 | D:11     | Killed Erolcha
 10553 | D:11     | Noticed a two-headed ogre
 10562 | D:11     | Killed a two-headed ogre
 10728 | D:11     | Noticed a seven-headed hydra
 10744 | D:11     | Killed a seven-headed hydra
 10840 | D:11     | Reached XP level 12. HP: 80/80 MP: 12/12
 11072 | D:11     | Identified the +9 rapier of the Sun {antimagic, rElec
                  | Str+2} (Trog gifted it to you on level 11 of the Dungeon)
 11072 | D:11     | Received a gift from Trog
 11907 | D:12     | HP: 2/80 [enormous slime creature (72)]
 12280 | D:13     | Noticed Kirke
 12281 | D:13     | Noticed a boulder beetle
 12299 | D:13     | Killed Kirke
 12334 | D:13     | Killed a boulder beetle
 13160 | D:14     | Killed from afar by a meliai

Illustrated notes

Levels and vault maps discovered:
D:1:      dpeg_arrival_round_c, layout_loops_ring, hangedman_decor_growths,
          minmay_misc_feat_x, item_on_display_a
D:2:      layout_rooms, dreamdust_ecumenical_altar_sealed_demon, serial_shops,
          shop_fountains, shop, nicolae_square_shop, nicolae_shop_waterfront,
          serial_bayou_pond_d
D:3:      layout_basic, minmay_misc_feat_plants
D:4:      layout_cave_pools, minmay_temple_entry_statues, fountainhead,
          uniq_crazy_yiuf_cottage
D:5:      layout_loops_ring, uniq_edmund, uniq_sigmund
D:6:      layout_loops_ring, yredelemnul_forgotten_temple_becter, st_stairs_4,
          grunt_tough_drop
D:7:      layout_cave_pools, minmay_strange_pillars,
          minmay_shop_enchanted_jewellery, kennysheep_opposing_triangles,
          uniq_pikel
D:8:      kennysheep_ambush_hall, layout_gridville,
          hangedman_abyss_or_decor_clamps,
          hellmonk_guarded_unrand_staff_of_battle
D:9:      layout_irregular_city, david_lair_shrubbed, serial_shops,
          nicolae_inconvenience_store,
          nicolae_shop_temple_entry_statues_fountains, corner_web_ring
D:10:     layout_cave_pools, zombieorc2_lemuel
D:11:     layout_loops_cross, gauntlet_entry_generic, uniq_erolcha
D:12:     layout_basic, serial_glass, glass_columns_c, glass_columns_c,
          glass_columns_a, glass_columns_b, glass_columns_a, glass_columns_b,
          glass_columns_b, glass_columns_a, glass_columns_c, glass_columns_a,
          glass_columns_a, glass_columns_a, glass_columns_a, glass_columns_c,
          item_on_display_a
D:13:     layout_irregular_city, uniq_kirke
D:14:     layout_rooms, grunt_vaults_entry_fortified, serial_park_square1
          [serial_park_minivault_5x5_1], sword_in_stone

Skill      XL: |  1  2  3  4  5  6  7  8  9 10 11 12 |
---------------+-------------------------------------+-----
Stealth        | 1 2 3 4 5 7 8 10 11 13 14 | 14.9
Short Blades   | 4 5 6 7 8 10 12 13 14 | 14.9
Dodging        | 3 4 6 9 10 12 | 12.2
Armour         | 2 3 6 7 |  7.1
Fighting       | |  2.6

Action                   |  1- 3 |  4- 6 |  7- 9 | 10-12 || total
-------------------------+-------+-------+-------+-------++-------
Melee: Short sword       |   117 |    80 |   304 |   570 ||  1071
       Bite              |     8 |    11 |    43 |   156 ||   218
       Dagger            |       |       |       |     7 ||     7
       Rapier            |       |       |       |   248 ||   248
Invok: Berserk           |       |       |     1 |     1 ||     2
Evoke: Wand              |       |       |       |     1 ||     1
  Use: Scroll            |     6 |     3 |     8 |     6 ||    23
       Potion            |       |       |       |     3 ||     3
 Stab: Sleeping          |     3 |     3 |     6 |    20 ||    32
       Distracted        |       |       |       |     2 ||     2
Armor: Animal skin       |    24 |    27 |     9 |       ||    60
       Leather armour    |       |       |    72 |       ||    72
       Steam dragon scal |       |       |    12 |    20 ||    32
       Acid dragon scale |       |       |       |    36 ||    36
       Troll leather arm |       |       |       |    71 ||    71
Dodge: Dodged            |    66 |    56 |   163 |   537 ||   822
       Repelled          |       |       |       |     2 ||     2
